 Dungeon Crawl Stone Soup version 0.21-a0-442-g848f44b (webtiles) character file.

127 tof the Twirler (level 4, -3/34 HPs)
             Began as a Demonspawn Gladiator on Nov 12, 2017.
             Slain by a gnoll
             ... wielding a +0 spear
              (4 damage)
             ... on level 3 of the Dungeon.
             The game lasted 00:05:11 (2879 turns).

tof the Twirler (Demonspawn Gladiator)              Turns: 2879, Time: 00:05:11

Health: -3/34      AC:  4    Str: 14    XL:     4   Next: 85%
Magic:  4/4        EV: 14    Int:  9    God:
Gold:   144        SH:  0    Dex: 16    Spells: 2/3 levels left

rFire    . . .     SeeInvis .   a - +0 quarterstaff
rCold    . . .     Gourm    .   (shield currently unavailable)
rNeg     . . .     Faith    .   l - +1 animal skin
rPois    .         Spirit   .   c - +0 helmet
rElec    .         Reflect  .   (no cloak)
rCorr    .         Harm     .   (no gloves)
MR       .....                  (no boots)
Stlth    +++.......             x - amulet of rage
HPRegen  0.11/turn              (no ring)
MPRegen  0.09/turn              (no ring)

@: no status effects
A: talons 1, nightstalker 2
a: Evoke Berserk Rage


You were on level 3 of the Dungeon.
You were not hungry.

You visited 1 branch of the dungeon, and saw 3 of its levels.

You collected 144 gold pieces.

Inventory:

Hand Weapons
 a - a +0 quarterstaff (weapon)
Missiles
 d - 3 throwing nets
 w - 2 tomahawks (quivered)
Armour
 b - a +0 leather armour
 c - a +0 helmet (worn)
 l - a +1 animal skin (worn)
Jewellery
 x - an amulet of rage (around neck)
Scrolls
 e - 3 scrolls of amnesia {unknown}
 h - a scroll of enchant weapon {unknown}
 i - a scroll of remove curse {unknown}
 j - a scroll of immolation {unknown}
 n - a scroll of identify {unknown}
 q - 4 scrolls of teleportation {unknown}
Potions
 g - a potion of ambrosia {unknown}
 k - a potion of flight {unknown}
 o - a potion of invisibility {unknown}
 p - a potion of brilliance {unknown}
 r - 2 potions of cancellation {unknown}
 t - a potion of resistance {unknown}
Books
 v - Sif Muna's Tome of Self-Knowledge
   (You found it on level 2 of the Dungeon)

   Spells                             Type                      Level
   a - Infusion                       Charms                       1
Comestibles
 f - a bread ration
 m - a meat ration
 s - 5 fruits
 u - 3 chunks of flesh


   Skills:
 + Level 2.8 Fighting
 * Level 3.8 Staves
 - Level 1.7 Throwing
 + Level 1.5 Armour
 + Level 3.2 Dodging
 + Level 0.1 Charms


You had 2 spell levels left.
You knew the following spells:

 Your Spells              Type           Power        Failure   Level  Hunger
a - Infusion              Chrm           #...         36%         1    ##.....


Dungeon Overview and Level Annotations

Branches:
Dungeon (3/15)

Altars:
Fedhas
Kikubaaqudgha
Sif Muna
Trog
Vehumet


Innate Abilities, Weirdness & Mutations

You have sharp toenails.
You are significantly more attuned to the shadows.


Message History

The gnoll shouts! 2 gnolls come into view.
The gnoll hits you but does no damage.
The gnoll shouts!
You hit the gnoll but do no damage. The gnoll hits you with a spear.
You closely miss the gnoll. Your kick misses the gnoll.
The gnoll closely misses you. The gnoll completely misses you.
You hit the gnoll. Your kick misses the gnoll.
The gnoll is heavily wounded.
The gnoll hits you with a spear.
The gnoll hits you from afar with a halberd!
The gnoll hits you with a spear.
* * * LOW HITPOINT WARNING * * *
You barely miss the gnoll. You claw the gnoll, but do no damage.
The gnoll is heavily wounded.
The gnoll misses you.
The gnoll hits you from afar with a halberd!
* * * LOW HITPOINT WARNING * * *
The gnoll hits you with a spear.
You die...

#....######### #########)#..# #.#
#.....)##.#..#######
#.###..[...##.#........#
########.#.+......##<#.####.#####
.......#.#.#......##.#..........#
..###.##.#.#.###.###.######).....
..# #......#.# #.# #.#<..........
..###........# #@# #........)....
.........(.....gg[.......##......
........##.#.#..g........)+......
.......###.#.###.######.#.#......
#####......... ... #....#........
#...###....##...## #....##.......
#...........+ #.............
#........##.#. ####.............
.............. ..+...........>#


You could see 3 gnolls.

Vanquished Creatures
  Robin (D:2)
  2 adders (D:2)
  2 oozes
  2 worms
  A dart slug (D:2)
  2 leopard geckos (D:1)
  An orc (D:3)
  2 ball pythons
  2 bats (D:2)
  3 giant cockroaches (D:1)
  14 goblins
  13 hobgoblins
  A quokka (D:2)
  15 frilled lizards
  10 kobolds
  8 rats
79 creatures vanquished.

Notes
Turn   | Place    | Note
-------+----------+-------------------------------------------
     0 | D:1      | tof the Demonspawn Gladiator began the quest for the Orb.
     0 | D:1      | Reached XP level 1. HP: 16/16 MP: 1/1
   315 | D:1      | Gained mutation: You have sharp toenails. [demonic ancestry]
   315 | D:1      | Reached XP level 2. HP: 22/22 MP: 2/2
   676 | D:1      | Gained mutation: You are slightly more attuned to the shadows. [demonic ancestry]
   676 | D:1      | Reached XP level 3. HP: 21/28 MP: 3/3
   912 | D:1      | Reached skill level 1 in Armour
  1582 | D:2      | Found a blossoming altar of Fedhas.
  1715 | D:2      | Noticed Robin
  1718 | D:2      | Gained mutation: You are significantly more attuned to the shadows. [demonic ancestry]
  1718 | D:2      | Reached XP level 4. HP: 30/34 MP: 4/4
  1754 | D:2      | Killed Robin
  2151 | D:2      | Found a bloodstained altar of Trog.
  2598 | D:2      | Found an ancient bone altar of Kikubaaqudgha.
  2606 | D:2      | Found a deep blue altar of Sif Muna.
  2607 | D:2      | Found a radiant altar of Vehumet.
  2609 | D:2      | Identified Sif Muna's Tome of Self-Knowledge
  2613 | D:2      | Learned a level 1 spell: Infusion
  2879 | D:3      | HP: 1/34 [gnoll/halberd (8)]
  2879 | D:3      | Slain by a gnoll

Vault maps used:
D:1:      minmay_arrival_wavy_path, minmay_lizard_king
D:2:      grunt_temple_overflow_magic_moments, lemuel_round_altar,
          fedhas_altar_fruit_tree, uniq_robin
D:3:      gammafunk_temple_overflow_wave, lightli_sewer_entry_pipes

Skill      XL: |  1  2  3 |
---------------+----------+-----
Staves         | 3 |  3.8
Dodging        | 3 |  3.2
Armour         | 1 |  1.5
Fighting       | |  2.8
Throwing       | |  1.7
Charms         | |  0.1

Action                   |  1- 3 |  4- 6 || total
-------------------------+-------+-------++-------
Melee: Quarterstaff      |   123 |    58 ||   181
       Kick              |    24 |    17 ||    41
 Stab: Sleeping          |     4 |     9 ||    13
  Eat: Chunk             |     3 |     3 ||     6
Armor: Leather armour    |    31 |     4 ||    35
       Animal skin       |       |     6 ||     6
Dodge: Dodged            |    81 |    30 ||   111

Table legend:
 A = Spawn XP
 B = Non-spawn XP
 C = Spawn XP percentage of total XP
 D = Spawn monster count
 E = Non-spawn monster count
 F = Spawn count percentage of total count
 G = Total turns spent on level
                    A         B        C        D         E        F      G
               +---------+---------+-------+---------+---------+-------+---------
         Total |       0 |     182 |   0.0 |       0 |      79 |   0.0 |  2879
               +---------+---------+-------+---------+---------+-------+---------
           D:1 |       0 |      59 |   0.0 |       0 |      40 |   0.0 |  1493
           D:2 |       0 |      99 |   0.0 |       0 |      30 |   0.0 |  1156
           D:3 |       0 |      24 |   0.0 |       0 |       9 |   0.0 |   230
               +---------+---------+-------+---------+---------+-------+---------
